 Dungeon Crawl Stone Soup version 0.15.2 (webtiles) character file.

3 MisterOstroum the Insei (level 1, -2/18 HPs)
             Began as a Mummy Monk on Jan 27, 2020.
             Slain by a hobgoblin
             ... wielding a +0 club
              (4 damage)
             ... on Level 1 of the Dungeon.
             The game lasted 00:01:10 (67 turns).

MisterOstroum the Insei (Mummy Monk)                  Turns: 67, Time: 00:01:10

HP  -2/18        AC  2     Str 14      XL: 1   Next: 41%
MP   1/1         EV 13     Int  9      God:
Gold 15          SH  0     Dex 14      Spells:  0 memorised,  0 levels left

rFire  x . .     SeeInvis .       - Unarmed
rCold  + . .     Clarity  .     a - +0 robe
rNeg   + + +     rCorr    .     (no shield)
rPois  +         rRot     +     (no helmet)
rElec  .         Spirit   .     (no cloak)
SustAb .         Warding  .     (no gloves)
rMut   .         Stasis   .     (no boots)
Gourm  .                        (no amulet)
MR     .....                    (no ring)
                                (no ring)

@: not resistant to hostile enchantments, unstealthy
A: no food or potions, fire vulnerability, restore body, cold resistance 1,
negative energy resistance 3, poison resistance, torment resistance, unbreathing
a: no special abilities


You were on level 1 of the Dungeon.
You were not hungry.

You visited 1 branch of the dungeon, and saw 1 of its levels.

You collected 15 gold pieces.

Inventory:

Armour
 a - a +0 robe (worn)
Potions
 b - a potion of agility {unknown}


   Skills:
 - Level 3.0 Fighting
 - Level 2.4 Dodging
 - Level 1.5 Stealth
 + Level 3.4 Unarmed Combat


You couldn't memorise any spells.
You didn't know any spells.

Dungeon Overview and Level Annotations

Branches:
Dungeon (1/15)

Altars:


Innate Abilities, Weirdness & Mutations

You do not eat or drink.
Your flesh is vulnerable to fire.
Your flesh is cold resistant.
You are immune to negative energy.
Your system is resistant to poisons.
You are immune to unholy pain and torment.
You can survive without breathing.


Message History

Welcome, MisterOstroum the Mummy Monk.
Will you be the one to retrieve the fabulous Orb of Zot from the depths?
Press ? for a list of commands and other information.
Found 15 gold pieces and an oily brown potion.
Found a staircase leading out of the dungeon.
You now have 15 gold pieces.
A jackal comes into view.
You see here an oily brown potion.
b - an oily brown potion The jackal barks!
A jackal comes into view.
There is a staircase leading out of the dungeon here.
Number of times to repeat, then command key: You must enter the number of times for the command to repeat.
The jackal barks!
You barely miss the jackal. The jackal misses you.
The jackal closely misses you.
A jackal and a hobgoblin come into view.
You hit the jackal.
The jackal is severely wounded.
The jackal closely misses you.
You hit the jackal but do no damage.
The jackal is severely wounded.
The jackal barely misses you.
You hit the jackal.
You kill the jackal!
The jackal bites you but does no damage.
You barely miss the jackal. The jackal barely misses you. The jackal bites you.
You closely miss the jackal. The jackal bites you.
The jackal splashes around in the water.
You hit the jackal.
The jackal is moderately wounded.
The jackal bites you. x2
The jackal closely misses you.
You barely miss the jackal.
The jackal is moderately wounded.
The jackal closely misses you. The jackal barely misses you.
The jackal bites you but does no damage.
You hit the jackal but do no damage.
The jackal is moderately wounded.
The jackal splashes around in the water.
The jackal bites you.
You barely miss the jackal. The jackal misses you. The jackal misses you.
The jackal bites you.
Found 3 scrolls labeled VAKLANNAGU.
The hobgoblin hits you with a club. The jackal barely misses you.
A kobold comes into view. It is wielding a dagger.
The kobold shouts!
The jackal barely misses you. The jackal bites you.
The jackal bites you but does no damage.
The kobold barely misses you. The jackal closely misses you.
Found a fizzy green potion.
The jackal closely misses you.
You closely miss the jackal. The jackal barely misses you.
You hit the jackal.
The jackal is severely wounded.
The jackal misses you.
You barely miss the jackal.
The jackal is severely wounded.
The jackal misses you. x2
You closely miss the jackal.
The jackal is severely wounded.
The jackal bites you but does no damage.
You barely miss the jackal.
The jackal is severely wounded.
The jackal closely misses you.
You hit the jackal but do no damage.
The jackal is severely wounded.
The jackal closely misses you. The jackal misses you.
You closely miss the jackal.
The jackal is severely wounded.
The jackal bites you.
You barely miss the jackal.
The jackal is severely wounded.
The jackal closely misses you.
You hit the jackal.
You kill the jackal!
The jackal bites you.
The jackal bites you but does no damage.
The jackal barely misses you. x2
You miss the jackal. The jackal completely misses you. The jackal bites you.
* * * LOW HITPOINT WARNING * * *
You barely miss the jackal. The jackal completely misses you.
You hit the jackal.
You kill the jackal!
The hobgoblin hits you with a club.
* * * LOW HITPOINT WARNING * * *
The hobgoblin barely misses you. The hobgoblin hits you with a club.
You die...

. ... #.###.... ..
#.##......... ....
#...#........#
.....## #...##.....#
.......##....#.....#
.....#..#K##%#.....#
...........##.......#
.....##.#####.###.##
#...?......g@.##
#..##......K...#
.####.....#####
#≈...........≈#
#.............#
#.............#
#.............#
#.....≈%≈.....#
#....≈...≈....#


You could see a hobgoblin and a kobold.

Vanquished Creatures
  3 jackals (D:1)
3 creatures vanquished.

Notes
Turn   | Place    | Note
--------------------------------------------------------------
     0 | D:1      | MisterOstroum, the Mummy Monk, began the quest for the Orb.
     0 | D:1      | Reached XP level 1. HP: 18/18 MP: 1/1
    67 | D:1      | Slain by a hobgoblin

Action                   || total
-------------------------++-------
Melee: Unarmed           ||    22
